 Dungeon Crawl Stone Soup version 0.32-a0-705-g60f233581c (webtiles) character file.

Game seed: 16364340515599288234

107 hikkokomori the Shooter (level 4, -1/35 HPs)
             Began as a Coglin Hunter on Mar 14, 2024.
             Was an Initiate of Okawaru.
             Killed from afar by Ijyb (7 damage)
             ... with a bolt of light
             ... on level 3 of the Dungeon.
             The game lasted 00:03:13 (1635 turns).

hikkokomori the Shooter (Coglin Hunter)             Turns: 1635, Time: 00:03:14

Health: -1/35      AC:  3    Str: 11    XL:     4   Next: 85%
Magic:  4/4        EV: 11    Int:  9    God:    Okawaru [......]
Gold:   143        SH:  0    Dex: 19    Spells: 3/3 levels left

rFire   . . .        a - +2 sling {Kasem}
rCold   . . .        d - +0 sling {Vikramjeet}
rNeg    . . .        c - +0 leather armour
rPois   .            (no helmet)
rElec   .            (no cloak)
rCorr   .            (no gloves)
SInv    .            (no boots)
Will    .....        (amulet unavailable)
Stlth   +            (ring unavailable)
HPRegen 0.25/turn    (ring unavailable)
MPRegen 0.09/turn    (no gizmo)

%: no passive effects
@: confused, on fire, glowing, revved
A: off-hand wielding, slow wielding, warmup strikes, no jewellery
a: Invent Gizmo, Renounce Religion


You were on level 3 of the Dungeon.
You worshipped Okawaru.
Okawaru was noncommittal.
You visited 1 branch of the dungeon, and saw 3 of its levels.

You collected 143 gold pieces.

Inventory:

Hand Weapons
 a - a +2 sling (weapon) {Kasem}
 d - a +0 sling (offhand) {Vikramjeet}
Armour
 c - a +0 leather armour (worn)
Scrolls
 b - a scroll of butterflies
 f - a scroll of enchant weapon {unknown}
 h - a scroll of immolation {unknown}
 k - a scroll of silence {unknown}
Potions
 e - 2 potions of attraction {unknown}
 g - a potion of mutation {unknown}
 i - a potion of might {unknown}
 j - a potion of enlightenment {unknown}


   Skills:
 + Level 3.5 Fighting
 + Level 4.5 Ranged Weapons
 - Level 1.7 Dodging
 - Level 0.7 Stealth
 + Level 1.0 Invocations


You had 3 spell levels left.
You didn't know any spells.
Your spell library contained the following spells:

 Spells                   Type           Power      Damage    Failure   Level
 Dazzling Flash           Conj/Hex       0%         N/A       85%         3
 Starburst                Conj/Fire      0%         6d3       100%        6
 Maxwell's Capacitive Co  Air            0%         ∞         100%        8


Dungeon Overview and Level Annotations

Branches:
Dungeon (3/15)

Altars:
Okawaru

Annotations:
D:3 Ijyb


Innate Abilities, Weirdness & Mutations

You can wield a second weapon in your off-hand.
It takes a long time for you to wield or remove held weapons.
Your first few attacks do less damage.
You cannot equip rings or amulets.


Message History

The liquid fire burns you!
You shoot a sling bullet. The sling bullet hits Ijyb.
Ijyb is moderately wounded.
You shoot a sling bullet. The sling bullet hits Ijyb.
Ijyb is heavily wounded.
The liquid fire burns you!
You shoot a sling bullet. The sling bullet hits Ijyb.
Ijyb is heavily wounded.
You shoot a sling bullet. The sling bullet hits Ijyb.
Ijyb is severely wounded.
The liquid fire burns you!
Ijyb zaps a wand.
The bolt of light hits you!
You are confused.
You are too injured to fight recklessly!
You are too injured to fight recklessly!
You are too injured to fight recklessly!
You are too injured to fight recklessly!
You are too injured to fight recklessly!
You are too injured to fight recklessly!
You are too injured to fight recklessly!
You are too injured to fight recklessly!
You are too injured to fight recklessly!
You are too injured to fight recklessly!
You are too injured to fight recklessly!
You are too injured to fight recklessly!
You are too injured to fight recklessly!
You are too injured to fight recklessly!
You are too injured to fight recklessly!
You are too injured to fight recklessly!
You are too confused!
You drop 2 scrolls labelled SIMOBB UTOSK.
The liquid fire burns you!
* * * LOW HITPOINT WARNING * * *
Okay, then.
You shake off some of the fire as you move.
The liquid fire burns you!
* * * LOW HITPOINT WARNING * * *
Ijyb zaps a wand.
The bolt of light hits you!
You die...
Ijyb moans, "Good help so hard to find!"

# ....... #. .[..... .# .......
.#. ....... #..# ....... #+# #.#.
......B ##### #.# #..#
......g###†..# #.# #.#.
.......?@..#.# #.# ##..#
...........#.# #.# #..#.
...........#.# #.# #...#
...........#.# #.# #..#.
........[..#.# #.####...#
...........#.###.##....#.
####################............#
..........# ####.###...##.
#.#######.######## #..........'.#


You could see Ijyb.

Vanquished Creatures
  A bombardier beetle (D:3)
  2 adders
  2 ribbon worms (D:2)
  5 bats
  3 endoplasms
  5 giant cockroaches
  10 goblins
  2 hobgoblins
  3 jackals (D:1)
  7 kobolds
  3 ball pythons
  2 frilled lizards (D:3)
  6 rats
51 creatures vanquished.

Notes
Turn   | Place    | Note
-------+----------+-------------------------------------------
     0 | D:1      | hikkokomori the Coglin Hunter began the quest for the Orb.
     0 | D:1      | Reached XP level 1. HP: 16/16 MP: 1/1
   162 | D:1      | Reached XP level 2. HP: 23/23 MP: 2/2
   301 | D:1      | Reached skill level 4 in Ranged Weapons
   441 | D:1      | Reached XP level 3. HP: 28/28 MP: 3/3
   932 | D:2      | Found an iron altar of Okawaru.
   941 | D:2      | Became a worshipper of Warmaster Okawaru
  1150 | D:2      | Reached XP level 4. HP: 35/35 MP: 4/4
  1453 | D:3      | Reached skill level 1 in Invocations
  1627 | D:3      | Noticed Ijyb
  1635 | D:3      | Killed from afar by Ijyb

Illustrated notes

Levels and vault maps discovered:
D:1:      evilmike_arrival_hilbert_curve, layout_basic, serial_aquarium,
          aquarium_bridge_long_joined [aquarium_subvault_wall,
          aquarium_subvault_wall, aquarium_subvault_wall,
          aquarium_subvault_bridge, aquarium_subvault_balcony,
          aquarium_subvault_bridge], aquarium_bridge_square
          [aquarium_subvault_bridge, aquarium_subvault_wall,
          aquarium_subvault_bridge, aquarium_subvault_balcony],
          aquarium_window_1, aquarium_window_fake, aquarium_window_1,
          aquarium_view_2d, aquarium_view_2c, aquarium_pool_2,
          minmay_split_cup_large
D:2:      layout_loops_cross, basic_altar, eino_curves_04
D:3:      layout_basic, kennysheep_small_spiral, uniq_ijyb

Skill      XL: |  1  2  3  4 |
---------------+-------------+-----
Ranged Weapons | 4 |  4.5
Fighting       | 3 |  3.5
Invocations    | 1 |  1.0
Dodging        | |  1.7
Stealth        | |  0.7

Action                     |  1- 3 |  4- 6 || total
---------------------------+-------+-------++-------
   Fire: Sling             |   164 |    54 ||   218
 Armour: Leather armour    |     8 |     6 ||    14
  Dodge: Dodged            |    10 |     7 ||    17

Table legend: (Time is in decaauts)
 A = Elapsed time spent in this place.
 B = Non-inter-level travel time spent in this place.
 C = Inter-level travel time spent in this place.
 D = Time resting spent in this place.
 E = Time spent auto-exploring this place.
 F = Levels seen in this place.
 G = Mean time per level.
                   A        B        C        D        E       F      G
               +--------+--------+--------+--------+--------+-----+--------+
         Total |   1661 |   1581 |     80 |      0 |   1352 |   3 |  553.7 |
       Dungeon |   1661 |   1581 |     80 |      0 |   1352 |   3 |  553.7 |
               +--------+--------+--------+--------+--------+-----+--------+

Top non-repeatable levels by time:
     D:1: 697 daAuts
     D:2: 674 daAuts
     D:3: 288 daAuts
